 Dungeon Crawl Stone Soup version 0.30-a0-52-g86a8295270 (webtiles) character file.

Game seed: 14682661432677902779

88 tatocazan the Trooper (level 4, 0/35 HPs)
             Began as a Demonspawn Fighter on Sept 7, 2022.
             Slain by Natasha (6 damage)
             ... on level 2 of the Dungeon.
             The game lasted 00:01:55 (2264 turns).

tatocazan the Trooper (Demonspawn Fighter)          Turns: 2264, Time: 00:01:56

Health: 0/35       AC:  8    Str: 18    XL:     4   Next: 29%
Magic:  4/4        EV:  9    Int: 10    God:
Gold:   86         SH:  4    Dex: 12    Spells: 3/3 levels left

rFire   . . .      SeeInvis .    a - +0 war axe
rCold   . . .      Faith    .    c - +0 buckler
rNeg    . . .      Spirit   .    b - +0 scale mail
rPois   .          Reflect  .    (no helmet)
rElec   .          Harm     .    (no cloak)
rCorr   .          Rampage  .    (no gloves)
Will    .....                    f - +0 pair of boots
Stlth   ..........               (no amulet)
HPRegen 0.11/turn                (no ring)
MPRegen 0.09/turn                (no ring)

@: slowed, very slow
A: hooves 1, powered by pain 1, demonic magic 1
a: no special abilities


You were on level 2 of the Dungeon.
You visited 1 branch of the dungeon, and saw 2 of its levels.

You collected 86 gold pieces.

Inventory:

Hand Weapons
 a - a +0 war axe (weapon)
Armour
 b - a +0 scale mail (worn)
 c - a +0 buckler (worn)
 f - a +0 pair of boots (worn)
Jewellery
 l - an amulet of reflection
Scrolls
 e - 2 scrolls of identify {unknown}
 i - a scroll of teleportation {unknown}
Potions
 d - a potion of might
 g - 2 potions of degeneration {unknown}
 h - a potion of heal wounds {unknown}
 j - a potion of attraction {unknown}
 k - a potion of mutation {unknown}


   Skills:
 + Level 3.5 Fighting
 + Level 2.5 Axes
 + Level 3.3 Armour
 + Level 3.3 Shields


You had 3 spell levels left.
You didn't know any spells.
Your spell library was empty.

Dungeon Overview and Level Annotations

Branches:
Dungeon (2/15)

Altars:

Annotations:
D:2 Natasha


Innate Abilities, Weirdness & Mutations

You have large cloven feet.
You sometimes gain a little power by taking damage.
Spells you cast may paralyse adjacent enemies.


Message History

You hit Natasha.
Natasha is moderately wounded.
You closely miss the shadow imp.
The shadow imp hits you but does no damage.
Natasha mumbles some strange words.
You hit Natasha.
Natasha is heavily wounded.
You closely miss the shadow imp.
Natasha stares at you and mumbles some strange words.
The magic dart hits you.
The shadow imp hits you but does no damage.
You take 6 damage, and have 11/35 hp.
You slash Natasha!
Natasha is almost dead.
You hit the shadow imp.
The shadow imp disappears in a puff of smoke!
Natasha claws you but does no damage. The white imp gestures at you.
The puff of frost hits you.
* * * LOW HITPOINT WARNING * * *
Natasha claws you but does no damage.
You take 2 damage, and have 9/35 hp.
You closely miss Natasha.
Natasha is almost dead.
Natasha stares at you and mumbles some strange words.
You feel yourself slow down.
The white imp hits you but does no damage.
You hit Natasha but do no damage.
Natasha is almost dead.
You completely miss the white imp. You block Natasha's attack.
The white imp gestures at you. The puff of frost hits you.
* * * LOW HITPOINT WARNING * * *
Natasha mumbles some strange words.
The white imp hits you but does no damage.
You take 3 damage, and have 6/35 hp.
You closely miss Natasha.
Natasha is almost dead.
You hit the white imp but do no damage. Natasha claws you.
You die...

#........##.#
####.#..#..##.#
+.......#..##.#
####.#.##..##.#
#.#.....##.#
##.#####.##.#
#...........#
#..####.######.#
#.......@......#
#.#####h5†#.....
..5.... ..#
#......... #
.^.##.#[....#
#... ........#
##.. ........#
.. .###....#


You could see Natasha, a crimson imp (summoned) and a white imp (summoned).

Vanquished Creatures
  3 gnolls (D:2)
  An adder (D:2)
  3 endoplasms
  A giant cockroach (D:2)
  7 hobgoblins
  8 jackals
  3 kobolds
  A quokka (D:2)
  4 ball pythons (D:1)
  4 bats (D:1)
  2 frilled lizards (D:1)
  5 goblins
  4 rats
46 creatures vanquished.

Notes
Turn   | Place    | Note
-------+----------+-------------------------------------------
     0 | D:1      | tatocazan the Demonspawn Fighter began the quest for the
                  | Orb.
     0 | D:1      | Reached XP level 1. HP: 18/18 MP: 1/1
    67 | D:1      | Gained mutation: You sometimes gain a little power by
                  | taking damage. [demonic ancestry]
    67 | D:1      | Reached XP level 2. HP: 20/24 MP: 2/2
   713 | D:1      | Gained mutation: You have large cloven feet. [demonic
                  | ancestry]
   713 | D:1      | Reached XP level 3. HP: 23/29 MP: 3/3
  1685 | D:2      | Gained mutation: Spells you cast may paralyse adjacent
                  | enemies. [demonic ancestry]
  1685 | D:2      | Reached XP level 4. HP: 10/35 MP: 4/4
  2252 | D:2      | Noticed Natasha
  2264 | D:2      | Slain by Natasha

Illustrated notes

Levels and vault maps discovered:
D:1:      ebering_trefoil_twist, layout_basic
D:2:      layout_basic, uniq_natasha, uniq_sigmund, uniq_robin

Skill      XL: |  1  2 |
---------------+-------+-----
Axes           | 2 |  2.5
Shields        | 3 |  3.3
Armour         | 3 |  3.3
Fighting       | |  3.5

Action                   |  1- 3 |  4- 6 || total
-------------------------+-------+-------++-------
Melee: War axe           |    98 |    15 ||   113
Armor: Scale mail        |    62 |     7 ||    69
Dodge: Dodged            |    61 |     7 ||    68
Block: Buckler           |    29 |     4 ||    33

Table legend: (Time is in decaauts)
 A = Elapsed time spent in this place.
 B = Non-inter-level travel time spent in this place.
 C = Inter-level travel time spent in this place.
 D = Time resting spent in this place.
 E = Time spent auto-exploring this place.
 F = Levels seen in this place.
 G = Mean time per level.
                   A        B        C        D        E       F      G
               +--------+--------+--------+--------+--------+-----+--------+
         Total |   2313 |   2290 |     23 |    986 |    998 |   2 | 1156.5 |
       Dungeon |   2313 |   2290 |     23 |    986 |    998 |   2 | 1156.5 |
               +--------+--------+--------+--------+--------+-----+--------+

Top non-repeatable levels by time:
     D:1: 1286 daAuts
     D:2: 1026 daAuts
